 Dungeon Crawl Stone Soup version 0.29-a0-284-gf9362112df (webtiles) character file.

Game seed: 12630172242501779986

438 spaghetti the Sneak (level 6, 0/41 HPs)
             Began as a Demonspawn Earth Elementalist on Mar 20, 2022.
             Was a Priest of Ignis.
             Killed from afar by an orc wizard (9 damage)
             ... with a magic dart
             ... on level 5 of the Dungeon.
             The game lasted 00:12:21 (5551 turns).

spaghetti the Sneak (Demonspawn Earth Elementalist) Turns: 5551, Time: 00:12:22

Health: 0/41       AC:  4    Str: 10    XL:     6   Next: 69%
Magic:  1/9        EV: 16    Int: 18    God:    Ignis [***...]
Gold:   807        SH:  0    Dex: 20    Spells: 3/9 levels left

rFire   + . .      SeeInvis .   l - +3 short sword {short}
rCold   . . .      Faith    .   (no shield)
rNeg    . . .      Spirit   .   b - +0 robe
rPois   .          Reflect  .   (no helmet)
rElec   .          Harm     .   (no cloak)
rCorr   +          Rampage  .   (no gloves)
Will    +....                   (no boots)
Stlth   ++++......              (no amulet)
HPRegen 0.13/turn               v - +4 ring of evasion
MPRegen 0.11/turn               w - ring of Xom's Recklessness {Contam Will+ rCorr Str+2 Dex+6}

@: no status effects
A: icy blue scales 1, demonic guardian 1, powered by pain 1
a: Renounce Religion, Fiery Armour, Foxfire Swarm, Rising Flame


You were on level 5 of the Dungeon.
You worshipped Ignis.
Ignis was most pleased with you.
You visited 1 branch of the dungeon, and saw 5 of its levels.

You collected 2031 gold pieces.
You spent 1224 gold pieces at shops.


Innate Abilities, Weirdness & Mutations

You are partially covered in icy blue scales. (AC +2)
A weak demonic guardian rushes to your aid.
You sometimes gain a little power by taking damage.


   Skills:
 + Level 0.6 Short Blades
 - Level 1.7 Dodging
 + Level 7.1 Stealth
 - Level 2.0 Spellcasting
 - Level 0.8 Transmutations
 - Level 2.6 Earth Magic


You had 3 spell levels left.
You knew the following spells:

 Your Spells              Type           Power      Damage    Failure   Level
a - Sandblast             Erth           22%        2d7       6%          1
b - Passwall              Tmut/Erth      6%         N/A       13%         2
c - Call Canine Familiar  Summ           1%         N/A       47%         3

Your spell library contained the following spells:

 Spells                   Type           Power      Damage    Failure   Level
 Freeze                   Ice            4%         1d3       19%         1
 Stone Arrow              Conj/Erth      12%        3d7       30%         3
 Frozen Ramparts          Ice            2%         1d2       47%         3
 Ozocubu's Armour         Ice            1%         N/A       47%         3
 Portal Projectile        Hex/Tloc       2%         N/A       47%         3
 Petrify                  Tmut/Erth      8%         N/A       65%         4
 Leda's Liquefaction      Hex/Erth       3%         N/A       71%         4
 Hailstorm                Conj/Ice       1%         3d3       87%         4
 Metabolic Englaciation   Hex/Ice        0%         N/A       99%         5
 Simulacrum               Ice/Necr       0%         N/A       100%        6

Inventory:

Hand Weapons
 j - a +4 battleaxe {axe}
   (You found it on level 4 of the Dungeon)
 l - a +3 short sword (weapon) {short}
   (You took it off a kobold on level 2 of the Dungeon)
 t - a +2 whip of pain {mace}
   (You took it off a gnoll on level 3 of the Dungeon)
Missiles
 a - 41 stones {throwing}
 i - 2 boomerangs {throwing}
Armour
 b - a +0 robe (worn)
 u - a +0 cloak
   (You found it on level 5 of the Dungeon)
Jewellery
 r - a ring of fire
   (You found it on level 3 of the Dungeon)
 v - a +4 ring of evasion (left hand)
   (You bought it in a shop on level 5 of the Dungeon)
 w - the ring of Xom's Recklessness (right hand) {Contam Will+ rCorr Str+2 Dex+6}
   (You bought it in a shop on level 5 of the Dungeon)

   [ring of dexterity]

   Str:       It affects your strength (+2).
   Dex:       It affects your dexterity (+6).
   Contam:    It causes magical contamination when unequipped.
   rCorr:     It protects you from acid and corrosion.
   Will:      It increases your willpower.
Wands
 e - a wand of charming (6)
   (You found it on level 4 of the Dungeon)
 k - a wand of mindburst (11)
   (You found it on level 2 of the Dungeon)
 s - a wand of acid (10)
   (You found it on level 3 of the Dungeon)
Scrolls
 d - a scroll of magic mapping {!r}
 f - a scroll of teleportation {unknown}
 m - 4 scrolls of identify {unknown}
 o - a scroll of enchant armour {unknown}
Potions
 c - a potion of magic
 g - a potion of flight
 h - a potion of haste {@q3}
 n - a potion of might {unknown}
 p - 2 potions of lignification {unknown}
 q - 2 potions of curing {unknown}

Dungeon Overview and Level Annotations

Branches:
Dungeon (5/15)
 Temple: D:4-7

Altars:
Ignis

Shops:
D:5

=
#......#.##...#
#.#.##...#
#.#......#
###.#####'##
#.......#.#
#.......#.#
#.......'.#
#.......####
#..)......@#
##########.#
#.# #{# #l##
#.o# ... ##o#
....# #o#
####....#
#.#####.......#


You could see an iguana and 3 orcs.


Message History

Press: ? - help, Q - select action, (/) - cycle Shift-Dir - straight line, f - orc
Aim: an orc, wielding a +0 trident and quivering boomerangs (79% to hit)
The blast of sand hits the orc!
The orc throws a boomerang.
The boomerang closely misses you. Something hits you. 😮 HP[-3] MP[-1]
You take 3 damage, and now have 29/41 hp.
You lost 1 mp, and now have 6/9 mp.
Aiming: Sandblast (safe; 6% risk of failure)
Press: ? - help, Q - select action, (/) - cycle Shift-Dir - straight line, f/p - orc
Aim: an orc, wielding a +0 trident and quivering boomerangs (almost dead, 79% to hit)
The blast of sand hits the orc!
You kill the orc!
Something hits you but does no damage. 😮 MP[-1]
You lost 1 mp, and now have 5/9 mp.
Aiming: Sandblast (safe; 6% risk of failure)
Press: ? - help, Q - select action, (/) - cycle Shift-Dir - straight line, f - orc
Aim: an orc, wielding a +0 club and wearing a +0 ring mail (82% to hit)
The blast of sand hits something!
Something hits you. 😮 HP[-1] MP[-1]
You take 1 damage, and now have 28/41 hp.
You lost 1 mp, and now have 4/9 mp.
Aiming: Sandblast (safe; 6% risk of failure)
Press: ? - help, Q - select action, (/) - cycle Shift-Dir - straight line, f - orc
Aim: an orc, wielding a +0 hand axe (79% to hit)
The blast of sand hits something.
Something closely misses you. 😮 MP[-1]
You lost 1 mp, and now have 3/9 mp.
Aiming: Sandblast (safe; 6% risk of failure)
Press: ? - help, Q - select action, (/) - cycle Shift-Dir - straight line, f - orc
Aim: an orc, wielding a +0 club (79% to hit)
The blast of sand hits something but does no damage.
Something hits you. 😮 HP[-1] MP[-1]
You take 1 damage, and now have 27/41 hp.
You lost 1 mp, and now have 2/9 mp.
Aiming: Sandblast (safe; 6% risk of failure)
Press: ? - help, Q - select action, (/) - cycle Shift-Dir - straight line, f - iguana
Aim: an iguana (82% to hit)
You miscast Sandblast.
You are very lightly contaminated with residual magic.
Nothing appears to happen.
Something hits you but does no damage. 😮 MP[-1]
You lost 1 mp, and now have 1/9 mp.
Aiming: Sandblast (safe; 6% risk of failure)
Press: ? - help, Q - select action, (/) - cycle Shift-Dir - straight line, f/p - iguana
Aim: an iguana (82% to hit)
The blast of sand misses the iguana.
Something hits you. 😮 HP[-1] MP[-1]
You take 1 damage, and now have 26/41 hp.
You lost 1 mp, and now have 0/9 mp.
You don't have enough magic to cast this spell.
Unknown command. 😮 MP[+1]
Something closely misses you.
You miss something. Something barely misses you.
You miss something. Something hits you.
Your magical contamination has completely faded away. 😮 HP[-2]
You take 2 damage, and now have 24/41 hp. 😮 HP[+1]
Something hits you. 😮 HP[-3]
You take 3 damage, and now have 22/41 hp.
You hear some strange, mumbled words.
A puff of flame appears from out of thin air!
The puff of flame hits you. You resist.
* * * LOW HITPOINT WARNING * * *
😨 HP[-3]
You take 3 damage, and now have 19/41 hp. 😨 MP[+1]
A magic dart appears from out of thin air!
The magic dart hits you!
* * * LOW HITPOINT WARNING * * *
😨 HP[-6]
You take 6 damage, and now have 13/41 hp.
A magic dart appears from out of thin air!
The magic dart hits you.
* * * LOW HITPOINT WARNING * * *
😨 HP[-1]
You take 1 damage, and now have 12/41 hp.
A magic dart appears from out of thin air!
The magic dart hits you.
* * * LOW HITPOINT WARNING * * *
😱 HP[-3]
You take 3 damage, and now have 9/41 hp.
Casting: Sandblast (safe; 6% risk of failure)
Confirm with . or Enter, or press ? or * to list all spells.
Aiming: Passwall (safe; 13% risk of failure)
Press: ? - help, Dir - move target, p - iguana A rock wall.
You begin to meditate on the wall.
You continue meditating on the rock. x2
A magic dart appears from out of thin air!
The magic dart hits you!
You die...

Skill      XL: |  1  2  3  4  5  6 |
---------------+-------------------+-----
Stealth        | 2 3 5 6 7 |  7.1
Short Blades   | |  0.6
Dodging        | |  1.7
Spellcasting   | |  2.0
Transmutations | |  0.8
Earth Magic    | |  2.6

Action                   |  1- 3 |  4- 6 || total
-------------------------+-------+-------++-------
Melee: Unarmed           |    10 |       ||    10
       Dagger            |    42 |       ||    42
       Short sword       |       |    78 ||    78
 Cast: Sandblast         |    37 |    68 ||   105
       Passwall          |     3 |     8 ||    11
Invok: Foxfire Swarm     |     3 |       ||     3
       Fiery Armour      |     1 |       ||     1
  Use: Potion            |     1 |       ||     1
       Scroll            |       |     4 ||     4
 Stab: Sleeping          |     1 |     5 ||     6
Armor: Robe              |    24 |    29 ||    53
Dodge: Dodged            |    67 |    84 ||   151

Levels and vault maps discovered:
D:1:      dpeg_arrival_signposts, layout_basic, basic_ecumenical_altar
D:2:      minmay_angry_zag, layout_rooms, uniq_terence, uniq_sigmund
D:3:      layout_basic, serial_rivers, chequers_serial_rivers_room_b,
          chequers_serial_rivers_micro_c, chequers_serial_rivers_micro_d,
          chequers_serial_rivers_large_a, chequers_serial_rivers_small_b
D:4:      layout_basic, serial_shops, nicolae_shop_behind_doors
D:5:      kennysheep_spiral_hall, layout_basic, serial_shops,
          nicolae_shop_window_shopping, pf_guarded_unrand_delatra

Notes
Turn   | Place    | Note
-------+----------+-------------------------------------------
     0 | D:1      | spaghetti the Demonspawn Earth Elementalist began the quest
                  | for the Orb.
     0 | D:1      | Reached XP level 1. HP: 13/13 MP: 3/3
     0 | D:1      | magus.rc [v1.9.6]
   112 | D:1      | Reached skill level 2 in Stealth
   206 | D:1      | Found a faded altar of an unknown god.
   216 | D:1      | Prayed at the altar of an unknown god.
   216 | D:1      | Became a worshipper of Ignis, the Dying Flame
   248 | D:1      | HP: 3/13 [hobgoblin (4)]
   254 | D:1      | HP: 1/13 [hobgoblin (3)]
   257 | D:1      | Gained mutation: You sometimes gain a little power by
                  | taking damage. [demonic ancestry]
   257 | D:1      | Reached XP level 2. HP: 1/19 MP: 1/5
   784 | D:1      | Reached skill level 3 in Stealth
  1375 | D:1      | Gained mutation: A weak demonic guardian rushes to your
                  | aid. [demonic ancestry]
  1375 | D:1      | Reached XP level 3. HP: 24/24 MP: 4/6
  1384 | D:1      | Learned a level 2 spell: Passwall
  1627 | D:2      | Noticed Terence
  1656 | D:2      | Killed Terence
  1657 | D:2      | Reached skill level 4 in Stealth
  1844 | D:2      | Noticed Sigmund
  1936 | D:2      | Killed Sigmund
  1937 | D:2      | Reached skill level 5 in Stealth
  1937 | D:2      | Reached XP level 4. HP: 11/30 MP: 5/7
  1937 | D:2      | Reached XP level 5. HP: 13/35 MP: 5/8
  2223 | D:2      | Identified a scroll of acquirement
  2223 | D:2      | Acquired 1319 gold pieces
  2440 | D:2      | Reached skill level 6 in Stealth
  3246 | D:3      | You pick up a book of Frost and begin reading...
  3246 | D:3      | You add the spells Freeze, Frozen Ramparts and Hailstorm to
                  | your library.
  3256 | D:3      | Gained mutation: You are partially covered in icy blue
                  | scales. (AC +2) [demonic ancestry]
  3256 | D:3      | Reached XP level 6. HP: 41/41 MP: 4/9
  4000 | D:3      | You pick up a book of Winter and begin reading...
  4000 | D:3      | You add the spells Ozocubu's Armour, Metabolic Englaciation
                  | and Simulacrum to your library.
  4869 | D:4      | You pick up a book of the Hunter and begin reading...
  4869 | D:4      | You add the spells Call Canine Familiar, Portal Projectile
                  | and Leda's Liquefaction to your library.
  4874 | D:4      | Learned a level 3 spell: Call Canine Familiar
  4888 | D:4      | Reached skill level 7 in Stealth
  5069 | D:4      | HP: 10/41 [wight/+0 scimitar (9)]
  5087 | D:5      | Entered Level 5 of the Dungeon
  5322 | D:5      | Found Ynouse's Jewellery Boutique.
  5331 | D:5      | Bought a +4 ring of evasion for 396 gold pieces
  5331 | D:5      | Bought the ring of Xom's Recklessness {Contam Will+ rCorr
                  | Str+2 Dex+6} for 828 gold pieces
  5414 | D:5      | Acquired 431 gold pieces
  5548 | D:5      | HP: 9/41 [something/magic dart (3)]
  5551 | D:5      | Killed from afar by an orc wizard

Vanquished Creatures
  Sigmund (D:2)
  2 hounds
  Terence (D:2)
  An orc wizard (D:5)
  4 gnolls (D:3)
  2 adders
  2 ufetubi
  A worm (D:2)
  2 dart slugs
  6 orcs
  5 bats
  6 endoplasms
  5 giant cockroaches
  4 goblins
  6 hobgoblins
  11 jackals
  3 quokkas
  4 ball pythons
  8 frilled lizards
  10 kobolds
  6 rats
90 creatures vanquished.

Vanquished Creatures (collateral kills)
  A quokka (D:2)
1 creature vanquished.

Vanquished Creatures (others)
  12 foxfires
12 creatures vanquished.

Grand Total: 103 creatures vanquished

Table legend:
 A = Non-vault XP
 B = Vault XP
 C = Vault XP percentage of total XP
 D = Non-vault monster count
 E = Vault monster count
 F = Vault count percentage of total count
                 A         B        C        D         E       F
            +---------+---------+-------+---------+---------+-------
      Total |     355 |     272 |  43.4 |      84 |       7 |   7.7
            +---------+---------+-------+---------+---------+-------
        D:1 |      44 |       0 |   0.0 |      26 |       0 |   0.0
        D:2 |      47 |     272 |  85.3 |      20 |       7 |  25.9
        D:3 |     155 |       0 |   0.0 |      28 |       0 |   0.0
        D:4 |      57 |       0 |   0.0 |       5 |       0 |   0.0
        D:5 |      52 |       0 |   0.0 |       5 |       0 |   0.0
            +---------+---------+-------+---------+---------+-------

Illustrated notes

Table legend:
 A = Kills in this place as a percentage of kills in entire the game.
 B = Kills by you in this place as a percentage of kills by you in the entire game.
 C = Kills by friends in this place as a percentage of kills by friends in the entire game.
 D = Other kills in this place as a percentage of other kills in the entire game.
 E = Experience gained in this place as a percentage of experience gained in the entire game.
 F = Experience gained in this place divided by the number of levels of this place that you have seen.
                   A       B       C       D       E      F
               +-------+-------+-------+-------+-------+----------------------
         Total | 100.0 | 100.0 | 100.0 |   N/A | 100.0 | 125.4
       Dungeon | 100.0 | 100.0 | 100.0 |   N/A | 100.0 | 125.4
               +-------+-------+-------+-------+-------+----------------------

Table legend: (Time is in decaauts)
 A = Elapsed time spent in this place.
 B = Non-inter-level travel time spent in this place.
 C = Inter-level travel time spent in this place.
 D = Time resting spent in this place.
 E = Time spent auto-exploring this place.
 F = Levels seen in this place.
 G = Mean time per level.
                   A        B        C        D        E       F      G
               +--------+--------+--------+--------+--------+-----+--------+
         Total |   5573 |   5380 |    193 |   1285 |   3304 |   5 | 1114.6 |
       Dungeon |   5573 |   5380 |    193 |   1285 |   3304 |   5 | 1114.6 |
               +--------+--------+--------+--------+--------+-----+--------+

Top non-repeatable levels by time:
     D:3: 1672 daAuts
     D:1: 1629 daAuts
     D:2: 1473 daAuts
     D:5: 463 daAuts
     D:4: 334 daAuts
